 Dungeon Crawl Stone Soup version 0.29-a0-356-g7bc237e783 (webtiles) character file.

Game seed: 16799729025825271914

118 jlumianski the Skirmisher (level 4, 0/35 HPs)
             Began as a Demonspawn Fighter on Apr 27, 2022.
             Slain by a scorpion (7 damage)
             ... on level 3 of the Dungeon.
             The game lasted 00:07:31 (3077 turns).

jlumianski the Skirmisher (Demonspawn Fighter)      Turns: 3077, Time: 00:07:32

Health: 0/35       AC:  6    Str: 18    XL:     4   Next: 72%
Magic:  4/4        EV:  9    Int: 10    God:
Gold:   79         SH:  4    Dex: 12    Spells: 3/3 levels left

rFire   . . .      SeeInvis .   a - +0 war axe
rCold   . . .      Faith    .   c - +0 buckler
rNeg    . . .      Spirit   .   b - +0 scale mail
rPois   .          Reflect  .   (helmet restricted)
rElec   .          Harm     .   (no cloak)
rCorr   .          Rampage  .   (no gloves)
Will    .....                   (no boots)
Stlth   ..........              (no amulet)
HPRegen 0.11/turn               (no ring)
MPRegen 0.09/turn               (no ring)

@: lethally poisoned (0 -> -6)
A: antennae 1
a: no special abilities


You were on level 3 of the Dungeon.
You visited 1 branch of the dungeon, and saw 3 of its levels.

You collected 79 gold pieces.

Inventory:

Hand Weapons
 a - a +0 war axe (weapon)
 k - a +1 falchion of protection
Missiles
 e - 2 datura-tipped darts (quivered)
 i - 78 stones
Armour
 b - a +0 scale mail (worn)
 c - a +0 buckler (worn)
Magical Staves
 j - a staff of cold
Jewellery
 o - the ring of the Two Names {rN+ Int+5 SInv}
   (You found it on level 3 of the Dungeon)

   [ring of see invisible]

   Int:       It affects your intelligence (+5).
   rN:        It protects you from negative energy.
   SInv:      It lets you see invisible.
Scrolls
 d - a scroll of identify
 g - a scroll of vulnerability
 n - a scroll of enchant armour {unknown}
Potions
 f - a potion of brilliance
 h - a potion of cancellation
 m - a potion of heal wounds


   Skills:
 + Level 3.5 Fighting
 + Level 2.9 Axes
 + Level 3.5 Armour
 + Level 0.4 Dodging
 + Level 3.1 Shields


You had 3 spell levels left.
You didn't know any spells.
Your spell library contained the following spells:

 Spells                   Type           Power      Damage    Failure   Level
 Magic Dart               Conj           0%         1d3       83%         1
 Call Imp                 Summ           0%         N/A       93%         2
 Mephitic Cloud           Conj/Pois/Air  0%         N/A       99%         3
 Fulminant Prism          Conj/Hex       0%         3d6       100%        4
 Iskenderun's Mystic Bla  Conj/Tloc      0%         2d3       100%        4
 Lee's Rapid Deconstruct  Erth           0%         3d5*      100%        5


Dungeon Overview and Level Annotations

Branches:
Dungeon (3/15)

Altars:

Shops:
D:3 [:[


Innate Abilities, Weirdness & Mutations

You have a pair of small antennae on your head.


Message History

Throw: 3 darts (datura)
Press: ? - help, Q - select action, (/) - cycle Shift-Dir - straight line, f/p - scorpion
Aim: a scorpion (57% to hit, chance to frenzy on hit: 51%)
You throw a datura-tipped dart.
The datura-tipped dart hits the scorpion.
The scorpion flies into a frenzy!
Found a robe and a scroll of identify.
You block the scorpion's attack.
You hit the scorpion.
The scorpion is moderately wounded.
The scorpion closely misses you. You block the scorpion's attack.
The scorpion stings you.
You barely miss the scorpion.
The scorpion is moderately wounded.
The scorpion stings you. The scorpion barely misses you.
You barely miss the scorpion.
The scorpion is moderately wounded.
The scorpion stings you! x2
You are poisoned.
The scorpion poisons you! The scorpion stings you!
* * * LOW HITPOINT WARNING * * *
You are more poisoned.
The scorpion poisons you!
It was a potion of heal wounds.
You feel much better.
You feel very sick. The scorpion closely misses you. The scorpion stings you.
You hit the scorpion.
The scorpion is heavily wounded.
You feel very sick. The scorpion stings you! You block the scorpion's attack.
You hit the scorpion but do no damage.
The scorpion is heavily wounded.
You feel very sick. The scorpion stings you.
* * * LOW HITPOINT WARNING * * *
The scorpion stings you but does no damage.
You hit the scorpion but do no damage.
The scorpion is heavily wounded.
* * * LOW HITPOINT WARNING * * *
You feel sick. The scorpion stings you!
You die...

.# ..# #.#...... ##
...# #.......? .###
8...# ......(..
...#.....# ##........
.#.8<∩.8.# ##.........
.####.#.##
##.......... .# ..
###.........([ .#
#.##.∩.#.@s.(.... .#
#.....#..######## .#
##.####.## .# .. #.#
.# #. .# #.# .# #. ..
#.# .# . #. ##.#######
)# .# #.##........#
.###..####.#..#......#


You could see a neutral scorpion (fast, strong, insane).

Vanquished Creatures
  2 adders
  3 gnolls (D:3)
  2 dart slugs (D:1)
  5 worms
  An orc (D:3)
  2 ball pythons
  3 bats
  4 endoplasms
  2 giant cockroaches
  A goblin (D:1)
  3 hobgoblins
  4 jackals (D:2)
  6 quokkas
  3 frilled lizards
  4 kobolds
  10 rats
55 creatures vanquished.

Notes
Turn   | Place    | Note
-------+----------+-------------------------------------------
     0 | D:1      | jlumianski the Demonspawn Fighter began the quest for the
                  | Orb.
     0 | D:1      | Reached XP level 1. HP: 18/18 MP: 1/1
    57 | D:1      | Found a faded altar of an unknown god.
   209 | D:1      | Gained mutation: You have a pair of small antennae on your
                  | head. [demonic ancestry]
   209 | D:1      | Reached XP level 2. HP: 24/24 MP: 2/2
  1269 | D:1      | Reached XP level 3. HP: 25/29 MP: 3/3
  2040 | D:3      | Found Gyqowk's Armour Boutique.
  2091 | D:3      | Found Kelaraf's Book Emporium.
  2146 | D:3      | Reached XP level 4. HP: 34/35 MP: 4/4
  2214 | D:3      | Identified the ring of the Two Names {rN+ Int+5 SInv}
  3062 | D:3      | Found Hoyng's Antique Armour Shoppe.
  3067 | D:3      | Noticed a scorpion
  3077 | D:3      | Slain by a scorpion

Illustrated notes

Levels and vault maps discovered:
D:1:      scummos_arrival_hexagon, layout_loops_corners,
          ebering_ecumenical_altar_petrified
D:2:      layout_loops_ring, basic_altar, uniq_jessica
D:3:      layout_rooms, mainiacjoe_overflow_surrounded_room, serial_shops,
          nicolae_shop_stone, shop, nicolae_shop_statue_plus,
          nicolae_shop_crystal, cheibrodos_sewer_entry_bend,
          grunt_ministairs_13, st_stairs_10

Skill      XL: |  1  2  3  4 |
---------------+-------------+-----
Axes           | 2 |  2.9
Armour         | 3 |  3.5
Shields        | 3 |  3.1
Fighting       | |  3.5
Dodging        | |  0.4

Action                   |  1- 3 |  4- 6 || total
-------------------------+-------+-------++-------
Melee: War axe           |   134 |    35 ||   169
Throw: Dart              |       |     2 ||     2
  Use: Scroll            |     3 |     1 ||     4
       Potion            |     1 |     2 ||     3
Armor: Scale mail        |    73 |    20 ||    93
Dodge: Dodged            |    70 |    17 ||    87
Block: Buckler           |    35 |    11 ||    46

Table legend: (Time is in decaauts)
 A = Elapsed time spent in this place.
 B = Non-inter-level travel time spent in this place.
 C = Inter-level travel time spent in this place.
 D = Time resting spent in this place.
 E = Time spent auto-exploring this place.
 F = Levels seen in this place.
 G = Mean time per level.
                   A        B        C        D        E       F      G
               +--------+--------+--------+--------+--------+-----+--------+
         Total |   3159 |   3112 |     47 |    330 |   1853 |   3 | 1053.0 |
       Dungeon |   3159 |   3112 |     47 |    330 |   1853 |   3 | 1053.0 |
               +--------+--------+--------+--------+--------+-----+--------+

Top non-repeatable levels by time:
     D:1: 1332 daAuts
     D:3: 1117 daAuts
     D:2: 709 daAuts
